 Dungeon Crawl Stone Soup version 0.31-a0-889-g1a8549509d (webtiles) character file.

Game seed: 1940398516400737552

400 MachoJfn the Poker (level 6, -3/40 (47) HPs)
             Began as a Demonspawn Gladiator on Oct 16, 2023.
             Was an Initiate of Ashenzari.
             Slain by a wight
             ... wielding a +4 mace
              (5 damage)
             ... on level 4 of the Dungeon.
             The game lasted 00:10:15 (2503 turns).

MachoJfn the Poker (Demonspawn Gladiator)           Turns: 2503, Time: 00:10:15

HP:   -3/40 (47)    AC:  6    Str: 16    XL:     6   Next: 54%
MP:   6/6           EV: 13    Int: 10    God:    Ashenzari [......]
Gold: 187           SH:  4    Dex: 14    Spells: 5/5 levels left

rFire   . . .        a - +0 trident
rCold   . . .        (no shield)
rNeg    . . .        b - +0 leather armour
rPois   .            c - +0 helmet
rElec   .            (no cloak)
rCorr   .            (no gloves)
SInv    .            (no boots)
Will    .....        p - amulet of the acrobat
Stlth   +            (no ring)
HPRegen 0.26/turn    (no ring)
MPRegen 0.10/turn

%: acrobat
@: heavily drained
A: thin metallic scales 1, powered by death 2, condensation shield
a: Renounce Religion, Curse Item


You were on level 4 of the Dungeon.
You worshipped Ashenzari.
Ashenzari was noncommittal.
You visited 1 branch of the dungeon, and saw 4 of its levels.

You collected 187 gold pieces.

Inventory:

Hand Weapons
 a - a +0 trident (weapon)
Missiles
 d - 5 throwing nets
 e - a javelin
 f - 18 stones
 i - 5 curare-tipped darts
Armour
 b - a +0 leather armour (worn)
 c - a +0 helmet (worn)
Jewellery
 p - an amulet of the acrobat (around neck)
Scrolls
 g - 2 scrolls of teleportation (quivered)
 k - 2 scrolls of blinking
 m - a scroll of immolation {unknown}
 o - 2 scrolls of revelation
Potions
 h - a potion of haste {unknown}
 j - a potion of enlightenment
 l - a potion of attraction {unknown}
 n - 4 potions of curing


   Skills:
 + Level 3.1 Fighting
 + Level 4.9 Polearms
 - Level 1.7 Throwing
 + Level 2.2 Armour
 + Level 3.6 Dodging
 + Level 0.9 Stealth
 + Level 0.8 Shields


You had 5 spell levels left.
You didn't know any spells.
Your spell library contained the following spells:

 Spells                   Type           Power      Damage    Failure   Level
 Apportation              Tloc           0%         N/A       43%         1
 Necrotise                Necr           0%         1d4       43%         1
 Summon Small Mammal      Summ           0%         N/A       43%         1


Dungeon Overview and Level Annotations

Branches:
Dungeon (4/15)
 Temple: D:4-7

Altars:
Ashenzari
Cheibriados

Shops:
D:1 [


Innate Abilities, Weirdness & Mutations

You are partially covered in thin metallic scales. (AC +2)
You regenerate health from kills.
A meltable shield of frost defends you. (SH +4)


Message History

You hit the wight but do no damage.
The wight is moderately damaged.
The wight hits you with a +0 hand axe!
You feel drained.
You closely miss the wight.
The wight is moderately damaged.
The wight barely misses you.
You hit the wight.
The wight is heavily damaged.
The wight hits you with a +0 hand axe.
You feel drained.
You hit the wight.
The wight is severely damaged.
The wight closely misses you.
You hit the wight.
You destroy the wight!
Your life force feels restored.
You barely miss the wight. The wight hits you with a +4 mace!
You feel drained.
You hit the wight but do no damage. The wight hits you with a +4 mace!
You feel drained.
You closely miss the wight. The wight misses you.
You hit the wight but do no damage. The wight hits you but does no damage.
You closely miss the wight. The wight barely misses you.
You hit the wight but do no damage. The wight hits you with a +4 mace.
You feel drained. The wight hits you with a +4 mace.
You feel drained.
You hit the wight but do no damage. The wight hits you with a +4 mace.
You feel drained.
You hit the wight.
The wight is lightly damaged.
The wight hits you with a +4 mace.
You hit the wight but do no damage.
The wight is lightly damaged.
The wight hits you with a +4 mace!
You barely miss the wight.
The wight is lightly damaged.
The wight barely misses you.
You hit the wight but do no damage.
The wight is lightly damaged.
The wight hits you with a +4 mace!
* * * LOW HITPOINT WARNING * * *
You feel drained.
You die...

##.#.#.....######.
#..#.#.............
#..#.#.............
#...........## .#
##.#.#....#.###.#.#
#<.#.#....#.....#.#
..........#.#####.#
#..#.#..###†#####.#
...#.#.......)oz@.#
#..#.##.###..######
#...........%.#
####....$....).#
............#
#...........#
#......(......
#..........#.!.
#..........#...


You could see a wight and an orc.

Vanquished Creatures
  A sky beast (D:4)
  2 wights (D:4)
  Jessica (D:3)
  An orc wizard (D:4)
  4 gnolls (D:3)
  5 adders
  2 dart slugs (D:2)
  4 orcs
  3 endoplasms
  8 giant cockroaches
  4 hobgoblins
  4 quokkas
  5 ball pythons
  8 bats
  4 frilled lizards (D:1)
  6 goblins
  5 kobolds
  6 rats
73 creatures vanquished.

Notes
Turn   | Place    | Note
-------+----------+-------------------------------------------
     0 | D:1      | MachoJfn the Demonspawn Gladiator began the quest for the
                  | Orb.
     0 | D:1      | Reached XP level 1. HP: 16/16 MP: 1/1
    73 | D:1      | Reached skill level 3 in Polearms
   124 | D:1      | Gained mutation: You are partially covered in thin metallic
                  | scales. (AC +2) [demonic ancestry]
   124 | D:1      | Reached XP level 2. HP: 19/22 MP: 2/2
   487 | D:1      | Found Fyrehegupe's Armour Shop.
   608 | D:2      | Gained mutation: You regenerate a little health from kills.
                  | [demonic ancestry]
   608 | D:2      | Reached XP level 3. HP: 27/27 MP: 3/3
   855 | D:2      | You fall into a shaft and drop 2 floors!
  1000 | D:3      | Gained mutation: A meltable shield of frost defends you.
                  | (SH +4) [demonic ancestry]
  1000 | D:3      | Reached XP level 4. HP: 31/31 MP: 4/4
  1112 | D:3      | Found a faded altar of an unknown god.
  1303 | D:3      | Prayed at the altar of an unknown god.
  1303 | D:3      | Became a worshipper of Ashenzari the Shackled
  1313 | D:2      | Found a snail-covered altar of Cheibriados.
  2060 | D:3      | Noticed Jessica
  2069 | D:3      | Killed Jessica
  2070 | D:3      | Reached skill level 1 in Armour
  2168 | D:3      | Reached skill level 4 in Polearms
  2170 | D:3      | Gained mutation: You regenerate health from kills. [demonic
                  | ancestry]
  2170 | D:3      | Reached XP level 5. HP: 27/39 MP: 5/5
  2417 | D:4      | Noticed a sky beast
  2429 | D:4      | Killed a sky beast
  2462 | D:4      | Reached XP level 6. HP: 37/46 MP: 6/6
  2503 | D:4      | HP: 2/42 [wight/+4 mace (14)]
  2503 | D:4      | Slain by a wight

Illustrated notes

Levels and vault maps discovered:
D:1:      dpeg_arrival_simpleton_b, layout_rooms, serial_shops,
          nicolae_shop_advertising_works [nicolae_subvault_shop_adworks],
          minmay_three_crescents
D:2:      layout_basic, basic_altar, minmay_close_crescents
D:3:      layout_basic, nicolae_ecumenical_pavilion, uniq_jessica
D:4:      layout_basic, serial_bayou_crossing, uniq_eustachio

Skill      XL: |  1  2  3  4  5  6 |
---------------+-------------------+-----
Polearms       | 3 4 |  4.9
Dodging        | 3 |  3.6
Armour         | 1 2 |  2.2
Fighting       | 3 |  3.1
Throwing       | |  1.7
Stealth        | |  0.9
Shields        | |  0.8

Action                     |  1- 3 |  4- 6 || total
---------------------------+-------+-------++-------
  Melee: Trident           |   145 |   148 ||   293
         Punch             |     1 |       ||     1
  Throw: Throwing net      |     1 |       ||     1
    Use: Scroll            |     5 |     1 ||     6
         Potion            |     1 |     1 ||     2
   Stab: Sleeping          |     1 |     2 ||     3
 Armour: Leather armour    |    66 |    97 ||   163
  Dodge: Dodged            |   110 |    79 ||   189
  Block: Other             |       |    25 ||    25

Table legend: (Time is in decaauts)
 A = Elapsed time spent in this place.
 B = Non-inter-level travel time spent in this place.
 C = Inter-level travel time spent in this place.
 D = Time resting spent in this place.
 E = Time spent auto-exploring this place.
 F = Levels seen in this place.
 G = Mean time per level.
                   A        B        C        D        E       F      G
               +--------+--------+--------+--------+--------+-----+--------+
         Total |   2543 |   2355 |    188 |    223 |   1438 |   4 |  635.8 |
       Dungeon |   2543 |   2355 |    188 |    223 |   1438 |   4 |  635.8 |
               +--------+--------+--------+--------+--------+-----+--------+

Top non-repeatable levels by time:
     D:2: 1061 daAuts
     D:3: 690 daAuts
     D:1: 559 daAuts
     D:4: 232 daAuts
